 Dungeon Crawl Stone Soup version 0.26.1-2-gb8aa6d0cf2 (console) character file.

Game seed: 15619566898430923080

257 om the Chopper (level 5, -10/46 HPs)
             Began as a Minotaur Berserker on Feb 16, 2021.
             Was a Priest of Trog.
             Killed by divine providence
             ... invoked by an orc priest
              (16 damage)
             ... on level 4 of the Dungeon.
             The game lasted 00:03:32 (3443 turns).

om the Chopper (Minotaur Berserker)                 Turns: 3443, Time: 00:03:33

Health: -10/46     AC:  5    Str: 23    XL:     5   Next: 93%
Magic:  4/4        EV: 16    Int:  4    God:    Trog [***...]
Gold:   174        SH:  0    Dex:  9    Spells: 4/4 levels left

rFire    . . .     SeeInvis .   a - +0 hand axe
rCold    . . .     Faith    .   (no shield)
rNeg     . . .     Spirit   .   p - +0 ring mail
rPois    .         Reflect  .   (helmet restricted)
rElec    .         Harm     .   (no cloak)
rCorr    .         Rampage  .   (no gloves)
Will     .....                  (no boots)
Stlth    +.........             (no amulet)
HPRegen  0.15/turn              e - ring of stealth
MPRegen  0.09/turn              h - +4 ring of evasion

@: berserk cooldown, slowed, very slow
A: retaliatory headbutt, horns 2
a: Renounce Religion, Berserk, Trog's Hand


You were on level 4 of the Dungeon.
You worshipped Trog.
Trog was most pleased with you.
You visited 1 branch of the dungeon, and saw 4 of its levels.

You collected 174 gold pieces.

Inventory:

Hand Weapons
 a - a +0 hand axe (weapon)
Armour
 p - a +0 ring mail (worn)
Jewellery
 e - a ring of stealth (left hand)
 h - a +4 ring of evasion (right hand)
 m - a cursed -4 ring of intelligence {unknown}
Scrolls
 c - 2 scrolls of teleportation {unknown}
 f - a scroll of noise {unknown}
 i - 3 scrolls of identify {unknown}
 l - a scroll of immolation {unknown}
 n - a scroll of fog {unknown}
Potions
 d - a potion of magic {unknown}
 g - a potion of berserk rage {unknown}
 j - a potion of curing {unknown}
 k - a potion of heal wounds
 o - a potion of mutation {unknown}


   Skills:
 - Level 4.0 Fighting
 - Level 6.0 Axes
 + Level 4.2 Armour
 + Level 4.0 Dodging


You had 4 spell levels left.
You didn't know any spells.
Your spell library was empty.

Dungeon Overview and Level Annotations

Branches:
Dungeon (4/15)
 Temple: D:4-7

Altars:
Wu Jian
Yredelemnul


Innate Abilities, Weirdness & Mutations

You reflexively headbutt those who attack you in melee.
You have a pair of horns on your head.


Message History

You barely miss the orc.
The orc is almost dead.
The orc priest begins to cast a cantrip, but forgets the words!
The orc hits you with a +0 club.
The orc priest invokes the aid of Beogh against you.
Beogh smites you!
* * * LOW HITPOINT WARNING * * *
You hit the orc but do no damage.
The orc is almost dead.
The orc hits you but does no damage. The orc closely misses you.
Your ring mail prevents you from hitting the orc.
The orc is almost dead.
The orc closely misses you.
You hit the orc.
You kill the orc!
Trog accepts your kill.
An orc comes into view. It is wielding a +0 club.
The orc priest mumbles some strange prayers to Beogh against you.
Beogh smites you!
You die...

#.# . #.#
># #.# ##.#
#.# ...
#.###.#
#<#...#
#...o.#
###.#.....#
#o# #.###
#)# o. #@#
# #.# #.#
#.# #.# #..
#.# #.# #.#


You could see an orc priest and an orc.

Vanquished Creatures
  A hound (D:4)
  An orc priest (D:4)
  Terence (D:3)
  A howler monkey zombie (D:2)
  4 gnolls (D:2)
  3 adders
  An ooze (D:2)
  2 worms
  4 dart slugs
  3 leopard geckos
  3 orcs
  3 bats
  5 giant cockroaches
  6 goblins
  9 hobgoblins
  8 jackals
  6 kobolds
  2 ball pythons
  3 frilled lizards
  9 rats
75 creatures vanquished.

Notes
Turn   | Place    | Note
-------+----------+-------------------------------------------
     0 | D:1      | om the Minotaur Berserker began the quest for the Orb.
     0 | D:1      | Reached XP level 1. HP: 19/19 MP: 0/0
    74 | D:1      | Reached XP level 2. HP: 27/27 MP: 1/1
    78 | D:1      | Reached skill level 4 in Axes
   493 | D:1      | Reached XP level 3. HP: 30/33 MP: 2/2
   796 | D:2      | Reached ** piety under Trog
  1077 | D:2      | Reached XP level 4. HP: 40/40 MP: 3/3
  1086 | D:2      | Reached skill level 5 in Axes
  1347 | D:2      | Found an ornate altar of the Wu Jian Council.
  1362 | D:2      | Found a basalt altar of Yredelemnul.
  2103 | D:3      | Reached XP level 5. HP: 46/46 MP: 4/4
  2474 | D:3      | Noticed Terence
  2485 | D:3      | Killed Terence
  3116 | D:3      | Reached *** piety under Trog
  3427 | D:4      | Reached skill level 6 in Axes
  3443 | D:4      | Killed from afar by an orc priest

Illustrated notes

Levels and vault maps discovered:
D:1:      heliophobic_arrival_enchanted_forest, layout_loops_ring,
          minmay_tetromino_s4
D:2:      layout_basic, lemuel_crystal_altar, lemuel_doored_altar
D:3:      layout_basic, uniq_terence
D:4:      layout_loops_ring, grunt_ministairs_3

Skill      XL: |  1  2  3  4  5 |
---------------+----------------+-----
Axes           | 4 5 6 |  6.0
Fighting       | 4 |  4.0
Armour         | 3 4 |  4.2
Dodging        | 3 4 |  4.0

Action                   |  1- 3 |  4- 6 || total
-------------------------+-------+-------++-------
Melee: Hand axe          |    63 |   106 ||   169
       Headbutt          |     8 |    15 ||    23
Invok: Berserk           |     1 |     2 ||     3
 Stab: Sleeping          |     1 |     1 ||     2
Armor: Animal skin       |     7 |     5 ||    12
       Ring mail         |       |     5 ||     5
Dodge: Dodged            |    38 |    79 ||   117
